[Event "Polugaevsky Memorial 2019"]
[Site "Samara"]
[Date "2019.07.16"]
[Round "7.8"]
[White "Mnatsakanian, Arsen"]
[Black "Mukhutdinov, Tigran"]
[Result "1-0"]
[ECO "B20"]
[WhiteElo "2231"]
[BlackElo "2328"]
[Annotator "NA"]
[PlyCount "67"]
[EventDate "2019.07.10"]
[EventType "swiss"]
[EventCountry "RUS"]
[SourceTitle "playchess.com"]
[Source "ChessBase"]
[SourceQuality "1"]
[TimeControl "5400+30"]

1. e4 c5 2. d3 Nc6 3. g3 d5 4. Nd2 Nf6 5. Bg2 g6 6. Ngf3 Bg7 7. O-O O-O 8. Re1 dxe4 9. dxe4 Nd7 {[%emt 0:02:50] A08: King's Indian Attack} (9... h6 10. c3 Be6 11. Qe2 Qb6 12. Bf1 Rad8 13. Nb3 Na5 14. Nfd2 Nxb3 15. axb3 Ng4 16. Nc4 Bxc4 17. bxc4 Ne5 18. Be3 a6 19. Red1 {1-0 (37) Petrosian,T (2606)-Villanueva,M (2466) chess.com INT 2018}) 10. Nc4 Nb6 $146 ({Predecessor:} 10... b6 11. Ne3 Ba6 12. Rb1 Nd4 13. Nd5 e6 14. Nc3 Nxf3+ 15. Bxf3 Ne5 16. Bg2 Qxd1 17. Rxd1 {½-½ (34) Kobialko,D (1992)-Zapolski,K (2112) Koszalin 2003}) 11. Ne3 Nd4 12. c3 Nxf3+ 13. Qxf3 Bd7 14. Rd1 Qc8 15. Qe2 e6 16. h4 h5 17. g4 hxg4 18. Qxg4 Qe8 {[%emt 0:04:01] [#]} 19. Qg5 (19. Qg3 $1 $16) 19... Qd8 (19... Bc6 $11 {remains equal.}) 20. Qg3 f5 $16 21. exf5 gxf5 22. Nf1 Qf6 23. Bg5 f4 24. Qd3 Qf7 25. Bxb7 Rab8 26. Be4 c4 27. Qf3 e5 28. Rxd7 Qxd7 29. Rd1 Qf7 30. Rd6 Rfe8 31. Qg4 Rb7 32. Bh6 Kf8 33. Bxb7 Ke7 34. Bd5 1-0

[Event "Polugaevsky Memorial 2019"]
[Site "Samara"]
[Date "2019.07.16"]
[Round "7.9"]
[White "Gitelson, Arkady"]
[Black "Ovetchkin, Roman"]
[Result "0-1"]
[ECO "A06"]
[WhiteElo "2191"]
[BlackElo "2538"]
[Annotator "ChessBase"]
[PlyCount "118"]
[EventDate "2019.07.10"]
[EventType "swiss"]
[EventCountry "RUS"]
[SourceTitle "playchess.com"]
[Source "ChessBase"]
[SourceQuality "1"]
[TimeControl "5400+30"]

1. Nf3 d5 2. g3 Bg4 3. Bg2 Nd7 4. d4 c6 5. O-O e6 6. Nbd2 Ngf6 7. Re1 Be7 8. e4 O-O 9. c3 Bh5 10. e5 Ne8 11. Nb3 c5 12. Be3 c4 13. Nc1 b5 14. Ne2 b4 15. Nf4 Bg4 16. h3 Bf5 17. g4 Be4 18. Nd2 Bxg2 19. Kxg2 bxc3 20. bxc3 Qa5 21. Qc2 Nc7 22. a4 Rab8 23. h4 Rb6 24. g5 Rfb8 25. Ra2 Rb3 26. Ne2 Qb6 27. h5 Rb2 28. Rxb2 Qxb2 29. Qd1 Nf8 30. Rh1 Qa2 31. Rh3 Rb2 32. f4 Rc2 33. Rf3 Qxa4 34. f5 exf5 35. Rxf5 g6 36. Rf2 Nce6 37. Nf3 Ra2 38. Qf1 a5 39. Nh2 gxh5 40. Kh1 Ng6 41. Qg2 Rxe2 42. Rxe2 Qa1+ 43. Nf1 Ngf4 44. Ra2 Qxc3 45. Qg3 Qd3 46. Rf2 Qe4+ 47. Kg1 Nd3 48. Nd2 h4 49. Nxe4 hxg3 50. Nf6+ Bxf6 51. Rxf6 c3 52. Rf1 c2 53. Ra1 Nxd4 54. Rxa5 c1=Q+ 55. Bxc1 Nxc1 56. Kg2 Nce2 57. Ra8+ Kg7 58. Ra6 Ne6 59. Kf3 N6f4 0-1

[Event "Polugaevsky Memorial 2019"]
[Site "Samara"]
[Date "2019.07.16"]
[Round "7.10"]
[White "Tunik, Sergey"]
[Black "Gaifullin, Artur"]
[Result "0-1"]
[ECO "E47"]
[WhiteElo "2166"]
[BlackElo "2453"]
[Annotator "ChessBase"]
[PlyCount "58"]
[EventDate "2019.07.10"]
[EventType "swiss"]
[EventCountry "RUS"]
[SourceTitle "playchess.com"]
[Source "ChessBase"]
[SourceQuality "1"]
[TimeControl "5400+30"]

1. d4 Nf6 2. c4 e6 3. Nc3 Bb4 4. e3 O-O 5. Bd3 b6 6. Nge2 Bb7 7. O-O d5 8. cxd5 exd5 9. Qa4 Bd6 10. Bd2 a6 11. Qc2 Nbd7 12. f3 c5 13. Be1 g6 14. Qd2 Re8 15. Bg3 Bxg3 16. Nxg3 b5 17. Bc2 Qb6 18. Rf2 Rac8 19. Rd1 Nf8 20. e4 dxe4 21. Ncxe4 Nxe4 22. Bxe4 Rcd8 23. Bxb7 Rxd4 24. Qc2 Qxb7 25. Ne4 Red8 26. Rfd2 Ne6 27. b4 cxb4 28. Rxd4 Nxd4 29. Qf2 Nxf3+ 0-1

[Event "Polugaevsky Memorial 2019"]
[Site "Samara"]
[Date "2019.07.17"]
[Round "8.1"]
[White "Aukhatov, Roman"]
[Black "Shaposhnikov, Evgeny"]
[Result "*"]
[ECO "A05"]
[WhiteElo "2119"]
[BlackElo "2575"]
[Annotator "RC"]
[PlyCount "114"]
[EventDate "2019.07.10"]
[EventType "swiss"]
[EventCountry "RUS"]
[SourceTitle "playchess.com"]
[Source "ChessBase"]
[SourceQuality "1"]
[TimeControl "5400+30"]

1. Nf3 Nf6 2. c4 e6 3. g3 d5 4. d4 Bb4+ 5. Bd2 Be7 6. Bg2 O-O 7. O-O c6 8. Qc2 a5 9. Rc1 Nbd7 10. a4 b6 11. cxd5 cxd5 12. Na3 Ba6 13. Bf4 Bb4 14. Nb5 Qe7 15. Qd1 Ne8 16. Rc6 Bb7 17. Rc2 Rc8 18. Rac1 Rxc2 19. Rxc2 h6 20. h4 Ba6 21. Qd3 Nd6 22. Rc7 Rc8 23. Rxc8+ Bxc8 24. Qc2 Ba6 25. Qc6 Bxb5 26. axb5 Ne8 27. Qc8 Kf8 28. Bc7 a4 29. Nh2 Ba5 30. e4 dxe4 31. Bd8 Qd6 32. Bxe4 Qxd4 33. Bc6 Ndf6 34. Bxf6 gxf6 35. Bxe8 Be1 36. Qd7 Bxf2+ 37. Kg2 Qxd7 38. Bxd7 Bd4 39. Bc6 Bxb2 40. Be4 a3 41. Bb1 f5 42. Nf3 Bc3 43. Kf2 Ke7 44. Ke3 Kd6 45. Kd3 Be5 46. Nxe5 Kxe5 47. Ba2 f4 48. g4 f6 49. Bb3 Kd6 50. Kc3 f3 51. Bd1 f2 52. Be2 Ke5 53. Kb3 Kd4 54. Kxa3 Kc3 55. Bf1 e5 56. Ka2 e4 57. Kb1 Kd2 *

[Event "Polugaevsky Memorial 2019"]
[Site "Samara"]
[Date "2019.07.18"]
[Round "9.6"]
[White "Ovetchkin, Roman"]
[Black "Sidorov, Anatoly"]
[Result "1-0"]
[ECO "E15"]
[WhiteElo "2538"]
[BlackElo "2321"]
[Annotator "ChessBase"]
[PlyCount "105"]
[EventDate "2019.07.10"]
[EventType "swiss"]
[EventCountry "RUS"]
[SourceTitle "playchess.com"]
[Source "ChessBase"]
[SourceQuality "1"]
[TimeControl "5400+30"]

1. d4 Nf6 2. c4 e6 3. Nf3 b6 4. g3 Ba6 5. b3 b5 6. cxb5 Bxb5 7. Bg2 Bb4+ 8. Bd2 a5 9. Ne5 d5 10. Nc3 Ba6 11. O-O Nfd7 12. Nxd5 Bxd2 13. Qxd2 Nxe5 14. Nxc7+ Qxc7 15. Bxa8 Ned7 16. Rac1 Qb6 17. Rc2 O-O 18. Rfc1 h6 19. Qf4 Qb4 20. Bf3 Rd8 21. d5 e5 22. Qxb4 axb4 23. e4 Nf6 24. Be2 Bxe2 25. Rxe2 Nbd7 26. Rc4 Rb8 27. Rec2 Rb5 28. Rc8+ Kh7 29. f3 g5 30. R8c7 Kg7 31. g4 Kf8 32. Kf2 Ke7 33. Ra7 h5 34. h3 hxg4 35. hxg4 Ne8 36. Rc8 Rb6 37. Ke3 Nef6 38. Rc6 Rb8 39. Rxf6 Kxf6 40. Rxd7 Ra8 41. Rb7 Rxa2 42. Rxb4 Rb2 43. Rb7 Rb1 44. b4 Rb3+ 45. Kf2 Rb2+ 46. Kg3 Rb1 47. b5 Rb3 48. b6 Rb2 49. Rb8 Ke7 50. b7 Rb3 51. Rg8 Rxb7 52. Rxg5 Kd6 53. Rf5 {[%emt 0:00:00] Kxd5} 1-0

[Event "Polugaevsky Memorial 2019"]
[Site "Samara"]
[Date "2019.07.18"]
[Round "9.8"]
[White "Karpeshov, Oleg"]
[Black "Krapivin, Alexander"]
[Result "0-1"]
[ECO "A25"]
[WhiteElo "2286"]
[BlackElo "2426"]
[Annotator "NA"]
[PlyCount "53"]
[EventDate "2019.07.10"]
[EventType "swiss"]
[EventCountry "RUS"]
[SourceTitle "playchess.com"]
[Source "ChessBase"]
[SourceQuality "1"]
[TimeControl "5400+30"]

1. c4 e5 2. g3 Nc6 3. Bg2 g6 4. Nc3 Bg7 5. Rb1 d6 6. b4 Bf5 7. d3 Qd7 8. Nd5 Nd8 9. e4 Be6 10. Nf3 c6 11. Ne3 Ne7 12. Ng5 O-O $11 13. h4 f5 14. Bh3 d5 15. h5 dxe4 16. Nxh7 Kxh7 17. hxg6+ Kg8 18. Qh5 Rf6 19. dxe4 f4 20. gxf4 exf4 21. Bb2 fxe3 22. Rd1 exf2+ 23. Ke2 Bxc4+ 24. Ke3 Qc7 25. Bxf6 Qg3+ 26. Qf3 Bh6+ 27. Kd4 0-1